 Dungeon Crawl Stone Soup version 0.29.1-1-gd02db69 (webtiles) character file.

Game seed: 15856906157115995278

423 Kel the Chopper (level 6, 0/37 HPs)
             Began as a Gargoyle Berserker on Nov 25, 2022.
             Was a Priest of Trog.
             Slain by an orc
             ... wielding a +0 hand axe
              (1 damage)
             ... on level 4 of the Dungeon.
             The game lasted 00:03:47 (3074 turns).

Kel the Chopper (Gargoyle Berserker)                Turns: 3074, Time: 00:03:48

Health: 0/37       AC:  6    Str: 23    XL:     6   Next: 95%
Magic:  6/6        EV:  8    Int:  7    God:    Trog [***...]
Gold:   256        SH:  0    Dex:  9    Spells: 5/5 levels left

rFire   . . .      SeeInvis .   a - +0 hand axe
rCold   . . .      Faith    .   (no shield)
rNeg    + . .      Spirit   .   c - +0 chain mail
rPois   ∞          Reflect  .   (no helmet)
rElec   +          Harm     .   (no cloak)
rCorr   .          Rampage  .   p - +0 pair of gloves
Will    .....                   (no boots)
Stlth   ..........              (no amulet)
HPRegen 0.12/turn               (no ring)
MPRegen 0.10/turn               (no ring)

@: corroded
A: sickness immunity, AC +4, negative energy resistance 1, electricity
resistance, torment resistance 1, petrification resistance
a: Renounce Religion, Berserk, Trog's Hand


You were on level 4 of the Dungeon.
You worshipped Trog.
Trog was most pleased with you.
You visited 1 branch of the dungeon, and saw 4 of its levels.

You collected 256 gold pieces.

Inventory:

Hand Weapons
 a - a +0 hand axe (weapon)
Missiles
 n - a throwing net (quivered)
Armour
 c - a +0 chain mail (worn)
 p - a +0 pair of gloves (worn)
Wands
 l - a wand of digging (6)
Scrolls
 b - 4 scrolls of teleportation {unknown}
 d - a scroll of butterflies {unknown}
 f - a scroll of magic mapping {unknown}
 g - 2 scrolls of identify {unknown}
 m - 2 scrolls of amnesia {unknown}
Potions
 e - a potion of degeneration {unknown}
 h - a potion of cancellation {unknown}
 i - a potion of might {unknown}
 j - a potion of flight {unknown}
 o - a potion of ambrosia {unknown}


   Skills:
 - Level 3.2 Fighting
 + Level 6.9 Axes
 - Level 2.1 Armour
 - Level 1.5 Dodging


You had 5 spell levels left.
You didn't know any spells.
Your spell library was empty.

Dungeon Overview and Level Annotations

Branches:
Dungeon (4/15)
 Temple: D:4-7

Altars:
Elyvilon
Ru
The Shining One


Innate Abilities, Weirdness & Mutations

You are immune to sickness and miasma.
Your stone body is resilient. (AC +4)
You are immune to poison.
You resist negative energy. (rN+)
You are resistant to electric shocks. (rElec)
You are resistant to unholy torment.
You are immune to petrification.


Message History

The hobgoblin hits you but does no damage.
The orc hits you but does no damage.
You hit the hobgoblin.
You kill the hobgoblin!
Trog accepts your kill.
You hit the orc. You closely miss the orc. The orc closely misses you.
The orc hits you but does no damage.
You closely miss the orc.
The orc is moderately wounded.
You hit the orc but do no damage. The orc closely misses you. x2
You hit the orc but do no damage.
The orc is moderately wounded.
You barely miss the orc. The orc hits you but does no damage. x2
You closely miss the orc.
The orc is moderately wounded.
You closely miss the orc. The orc barely misses you.
The orc hits you but does no damage.
You closely miss the orc.
The orc is moderately wounded.
You hit the orc.
You kill the orc!
Trog accepts your kill. The orc barely misses you.
You hit the orc but do no damage.
The orc is moderately wounded.
You hit the adder. The adder bites you but does no damage.
The orc closely misses you. The adder barely misses you.
You hit the orc but do no damage.
The orc is moderately wounded.
You completely miss the adder. The orc hits you with a +0 hand axe.
* * * LOW HITPOINT WARNING * * *
The adder barely misses you.
You hit the orc but do no damage.
The orc is moderately wounded.
You miss the adder. The adder closely misses you. The orc barely misses you.
You hit the orc.
The orc is severely wounded.
You hit the adder. The adder bites you but does no damage.
The orc hits you with a +0 hand axe.
You die...

#########..#
######..........#
.#..)...........#
...≈§≈≈≈≈≈......##
##...≈≈§§§≈.###..#
##.8....§§≈.###.<#####
##...≈≈§≈§§..........#
..:≈≈≈≈§≈≈....#..###..#
##[.............@o.# ..
###########.#.#.S..#
#.#.#...!# # #.##)..#
### .. ###.. ..# . .).
..# .$. ..# .. ..#


You could see an adder and an orc.

Vanquished Creatures
  Grinder (D:3)
  A jelly (D:4)
  2 iguanas (D:3)
  Jessica (D:3)
  2 adders
  3 worms (D:2)
  2 dart slugs (D:2)
  6 orcs
  8 ball pythons
  7 endoplasms
  3 giant cockroaches
  6 goblins
  9 hobgoblins
  2 jackals (D:3)
  7 kobolds
  5 quokkas
  8 bats
  10 rats
83 creatures vanquished.

Notes
Turn   | Place    | Note
-------+----------+-------------------------------------------
     0 | D:1      | Kel the Gargoyle Berserker began the quest for the Orb.
     0 | D:1      | Reached XP level 1. HP: 14/14 MP: 1/1
   131 | D:1      | Reached skill level 3 in Axes
   200 | D:1      | Reached XP level 2. HP: 17/19 MP: 2/2
   502 | D:1      | Found a faded altar of an unknown god.
   675 | D:1      | Reached XP level 3. HP: 17/23 MP: 3/3
  1355 | D:2      | Reached skill level 4 in Axes
  1476 | D:2      | Reached ** piety under Trog
  1675 | D:2      | Reached XP level 4. HP: 23/28 MP: 4/4
  2089 | D:3      | Noticed Grinder
  2106 | D:3      | Killed Grinder
  2107 | D:3      | Reached skill level 6 in Axes
  2107 | D:3      | Reached XP level 5. HP: 32/32 MP: 5/5
  2107 | D:3      | Reached XP level 6. HP: 37/37 MP: 6/6
  2334 | D:3      | Found a glowing golden altar of the Shining One.
  2334 | D:3      | Found a white marble altar of Elyvilon.
  2826 | D:3      | Noticed Jessica
  2834 | D:3      | Killed Jessica
  3002 | D:4      | Found a sacrificial altar of Ru.
  3063 | D:4      | Reached *** piety under Trog
  3072 | D:4      | HP: 1/37 [orc/+0 hand axe (5)]
  3074 | D:4      | Slain by an orc

Illustrated notes

Levels and vault maps discovered:
D:1:      lightli_arrival_lavapool, layout_loops_ring,
          hellmonk_ecumenical_altar_run_dry
D:2:      layout_rooms
D:3:      layout_rooms, minitemple, grunt_decor_fettered, uniq_grinder,
          uniq_jessica
D:4:      layout_basic, mainiacjoe_overflow_catwalk,
          mainiacjoe_overflow_alcove_2, gup_sewer_entry_bowl, minmay_bent

Skill      XL: |  1  2  3  4 |
---------------+-------------+-----
Axes           | 3 4 6 |  6.9
Fighting       | |  3.2
Armour         | |  2.1
Dodging        | |  1.5

Action                   |  1- 3 |  4- 6 || total
-------------------------+-------+-------++-------
Melee: Hand axe          |   122 |   156 ||   278
       Punch             |     1 |     4 ||     5
Invok: Berserk           |       |     1 ||     1
  Use: Potion            |       |     1 ||     1
Armor: Animal skin       |    18 |       ||    18
       Chain mail        |    45 |    87 ||   132
Dodge: Dodged            |    80 |    67 ||   147
